 Dungeon Crawl Stone Soup version 0.30-a0-702-gdf48620a09 (webtiles) character file.

Game seed: 8111119270041565297

41 Zdeegee the Magician (level 3, 0/26 HPs)
             Began as a Draconian Hedge Wizard on Jan 21, 2023.
             Frozen to death by an endoplasm (5 damage)
             ... on level 2 of the Dungeon.
             The game lasted 00:02:10 (1843 turns).

Zdeegee the Magician (Draconian Hedge Wizard)       Turns: 1843, Time: 00:02:10

Health: 0/26       AC:  5    Str: 12    XL:     3   Next: 32%
Magic:  1/7        EV: 12    Int: 16    God:
Gold:   38         SH:  0    Dex: 10    Spells: 3/8 levels left

rFire   . . .      SeeInvis .    f - +2 dagger (venom)
rCold   . . .      Faith    .    (no shield)
rNeg    . . .      Spirit   .    (body armour unavailable)
rPois   .          Reflect  .    b - +0 hat
rElec   .          Harm     .    (no cloak)
rCorr   .          Rampage  .    (no gloves)
Will    .....                    (no boots)
Stlth   ++                       (no amulet)
HPRegen 0.24/turn                (no ring)
MPRegen 0.10/turn                (no ring)

@: very slightly contaminated, slowed, very slow
A: AC +5, unfitting armour, cold-blooded
a: no special abilities


You were on level 2 of the Dungeon.
You visited 1 branch of the dungeon, and saw 2 of its levels.

You collected 38 gold pieces.

Inventory:

Hand Weapons
 a - a +0 dagger
 f - a +2 dagger of venom (weapon)
 g - a +0 sling
Missiles
 e - 4 boomerangs
 i - 16 stones
Armour
 b - a +0 hat (worn)
Potions
 c - a potion of magic
 d - a potion of invisibility {unknown}
 h - 2 potions of resistance {unknown}


   Skills:
 * Level 0.2 Fighting
 + Level 0.3 Short Blades
 * Level 2.1 Dodging
 + Level 1.7 Stealth
 * Level 3.4 Spellcasting
 * Level 1.2 Conjurations
 + Level 1.0 Summonings
 + Level 1.0 Translocations
 * Level 0.1 Air Magic
 * Level 1.5 Invocations
 * Level 0.4 Evocations


You had 3 spell levels left.
You knew the following spells:

 Your Spells              Type           Power      Damage    Failure   Level
a - Magic Dart            Conj           24%        1d4       11%         1
b - Poisonous Vapours     Pois/Air       4%         N/A       26%         2
c - Call Imp              Summ           5%         N/A       19%         2

Your spell library contained the following spells:

 Spells                   Type           Power      Damage    Failure   Level
 Slow                     Hex            8%         N/A       19%         1
 Blink                    Tloc           10%        N/A       19%         2
 Cigotuvi's Dreadful Rot  Necr/Pois/Air  4%         N/A       26%         2
 Mephitic Cloud           Conj/Pois/Air  4%         N/A       41%         3


Dungeon Overview and Level Annotations

Branches:
Dungeon (2/15)

Altars:


Innate Abilities, Weirdness & Mutations

Your plain brown scales are hard. (AC +5)
You cannot fit into any form of body armour.
You are cold-blooded and may be slowed by cold attacks.


Message History

Your crimson imp closely misses the adder.
The endoplasm misses you. The adder bites you but does no damage.
Unknown command.
Casting: Magic Dart (safe; 11% risk of failure)
Confirm with . or Enter, or press ? or * to list all spells.
You miscast Call Imp.
You are very lightly contaminated with residual magic.
Nothing appears to happen.
You feel sick.
Your crimson imp barely misses the adder.
The endoplasm freezes you.
You are frozen.
You feel yourself slow down. The adder bites you but does no damage.
You are too injured to fight recklessly!
Unknown command.
You are too injured to fight recklessly!
Unknown command.
You are too injured to fight recklessly!
Unknown command.
You hit the adder.
The adder is almost dead.
You feel sick.
You are no longer poisoned.
The adder bites you.
* * * LOW HITPOINT WARNING * * *
Your crimson imp hits the adder but does no damage.
The endoplasm jiggles.
The endoplasm hits you but does no damage.
The adder bites you.
* * * LOW HITPOINT WARNING * * *
The endoplasm barely misses you.
Your crimson imp hits the adder.
The adder dies!
Your Dodging skill increases to level 2!
Your crimson imp disappears in a puff of smoke!
You see here an adder corpse.
The endoplasm hits you but does no damage.
You hit the endoplasm.
The endoplasm is moderately wounded.
The endoplasm freezes you.
You are frozen.
You die...

##. ## ... ..
.. .# #.
.###### # ##.#
.......
#.#...#.......
#.....$.......
#.....@.....?.
##....J†......
##...<.......
##..#.......
#^... .......
#.#.. #######
#.#.. . ##. .
#!


You could see an endoplasm.

Vanquished Creatures
  A dart slug (D:1)
  5 bats
  A giant cockroach (D:1)
  3 goblins (D:1)
  3 hobgoblins (D:1)
  3 quokkas (D:1)
  A ball python (D:2)
  A frilled lizard (D:1)
  4 kobolds (D:1)
  5 rats (D:1)
27 creatures vanquished.

Vanquished Creatures (collateral kills)
  An adder (D:2)
1 creature vanquished.

Grand Total: 28 creatures vanquished

Notes
Turn   | Place    | Note
-------+----------+-------------------------------------------
     0 | D:1      | Zdeegee the Draconian Hedge Wizard began the quest for the
                  | Orb.
     0 | D:1      | Reached XP level 1. HP: 14/14 MP: 4/4
   384 | D:1      | Reached skill level 1 in Invocations
   448 | D:1      | Reached XP level 2. HP: 20/20 MP: 1/6
   451 | D:1      | Learned a level 2 spell: Poisonous Vapours
  1374 | D:1      | Reached XP level 3. HP: 26/26 MP: 0/7
  1625 | D:1      | Learned a level 2 spell: Call Imp
  1843 | D:2      | Frozen to death by an endoplasm

Illustrated notes

Levels and vault maps discovered:
D:1:      minmay_arrival_widening_spiral_narrow, layout_loops_corners,
          grunt_decor_arrowhead, serial_bayou_crossing
D:2:      layout_loops_ring, ebering_ecumenical_altar_box,
          uniq_crazy_yiuf_cottage

Skill      XL: |  1  2  3 |
---------------+----------+-----
Invocations    | 1 |  1.5
Dodging        | 2 |  2.1
Fighting       | |  0.2
Short Blades   | |  0.3
Stealth        | |  1.7
Spellcasting   | |  3.4
Conjurations   | |  1.2
Summonings     | |  1.0
Translocations | |  1.0
Air Magic      | |  0.1
Evocations     | |  0.4

Action                   || total
-------------------------++-------
Melee: Dagger            ||    26
 Cast: Magic Dart        ||    64
       Poisonous Vapours ||     1
       Call Imp          ||     1
Armor: Skin              ||    20
Dodge: Dodged            ||    24

Table legend: (Time is in decaauts)
 A = Elapsed time spent in this place.
 B = Non-inter-level travel time spent in this place.
 C = Inter-level travel time spent in this place.
 D = Time resting spent in this place.
 E = Time spent auto-exploring this place.
 F = Levels seen in this place.
 G = Mean time per level.
                   A        B        C        D        E       F      G
               +--------+--------+--------+--------+--------+-----+--------+
         Total |   1859 |   1789 |     70 |     34 |   1587 |   2 |  929.5 |
       Dungeon |   1859 |   1789 |     70 |     34 |   1587 |   2 |  929.5 |
               +--------+--------+--------+--------+--------+-----+--------+

Top non-repeatable levels by time:
     D:1: 1840 daAuts
     D:2: 19 daAuts
